 Dungeon Crawl Stone Soup version 0.23.2-40-g277498a001 (webtiles) character file.

Game seed: 16325592013344710949

65 Kaiomaar the Chopper (level 3, -2/33 HPs)
             Began as a Minotaur Berserker on Sept 23, 2019.
             Was a Believer of Trog.
             Slain by a gnoll
             ... wielding a +0 spear
              (4 damage)
             ... on level 2 of the Dungeon.
             The game lasted 00:05:32 (863 turns).

Kaiomaar the Chopper (Minotaur Berserker)            Turns: 863, Time: 00:05:32

Health: -2/33      AC:  5    Str: 22    XL:     3   Next: 92%
Magic:  2/2        EV: 11    Int:  4    God:    Trog [**....]
Gold:   18         SH:  0    Dex:  9    Spells: 2/2 levels left

rFire    . . .     SeeInvis .   a - +0 hand axe
rCold    . . .     Gourm    .   (no shield)
rNeg     . . .     Faith    .   d - +0 ring mail
rPois    .         Spirit   .   (helmet restricted)
rElec    .         Reflect  .   (no cloak)
rCorr    +         Harm     .   (no gloves)
MR       .....                  (no boots)
Stlth    +.........             (no amulet)
HPRegen  0.11/turn              j - ring of resist corrosion
MPRegen  0.08/turn              (no ring)

@: no status effects
A: retaliatory headbutt, horns 2
a: Berserk, Trog's Hand, Renounce Religion


You were on level 2 of the Dungeon.
You worshipped Trog.
Trog was pleased with you.
You were not hungry.

You visited 1 branch of the dungeon, and saw 2 of its levels.

You collected 18 gold pieces.

Inventory:

Hand Weapons
 a - a +0 hand axe (weapon)
 o - a +0 club
 q - a +0 short sword
Missiles
 k - 54 stones (quivered)
Armour
 b - a +0 animal skin
 d - a +0 ring mail (worn)
 f - a +0 robe
 m - a +0 leather armour
Jewellery
 j - a ring of resist corrosion (left hand)
 r - an uncursed ring of protection from fire {unknown}
Scrolls
 e - a scroll of remove curse {unknown}
 l - a scroll of blinking {unknown}
 n - a scroll of amnesia {unknown}
 p - a scroll of magic mapping {unknown}
Potions
 g - a potion of lignification {unknown}
 i - a potion of mutation {unknown}
Comestibles
 c - 2 rations


   Skills:
 + Level 4.2 Fighting
 + Level 4.9 Axes
 + Level 2.6 Armour
 + Level 2.6 Dodging
 + Level 0.5 Stealth


You had 2 spell levels left.
You didn't know any spells.
Your spell library was empty.

Dungeon Overview and Level Annotations

Branches:
Dungeon (2/15)

Altars:
Fedhas
Makhleb
Nemelex Xobeh
Trog


Innate Abilities, Weirdness & Mutations

You reflexively headbutt those who attack you in melee.
You have a pair of horns on your head.


Message History

The hobgoblin hits you.
* * * LOW HITPOINT WARNING * * *
You closely miss the gnoll.
The gnoll is heavily wounded.
You barely miss the hobgoblin. The gnoll hits you with a +0 spear.
* * * LOW HITPOINT WARNING * * *
The hobgoblin hits you.
* * * LOW HITPOINT WARNING * * *
You hit the gnoll but do no damage.
You headbutt the gnoll, but do no damage.
The gnoll is heavily wounded.
You hit the hobgoblin but do no damage. The gnoll hits you but does no damage.
The hobgoblin hits you but does no damage.
You closely miss the gnoll. Your headbutt misses the gnoll.
The gnoll is heavily wounded.
You barely miss the hobgoblin. The gnoll closely misses you.
The hobgoblin hits you but does no damage.
You hit the hobgoblin but do no damage. You hit the gnoll.
The gnoll hits you with a +0 spear.
You die...

## #.# .. #.# #.
#.# #. #.# #.
#.#####
##.##....^
#####...#†g#####.
.......<†@g......
##......##)#####.
#.._...# #..
#._8_..# .##
...._..## #
##..... #.###. #.
##


You could see a gnoll and a hobgoblin.

Vanquished Creatures
  3 gnolls (D:2)
  An adder (D:2)
  An ooze (D:1)
  A leopard gecko (D:1)
  A giant cockroach (D:1)
  A hobgoblin (D:1)
  5 bats
  2 frilled lizards (D:1)
  7 goblins (D:1)
  2 kobolds (D:1)
24 creatures vanquished.

Notes
Turn   | Place    | Note
-------+----------+-------------------------------------------
     0 | D:1      | Kaiomaar the Minotaur Berserker began the quest for the
                  | Orb.
     0 | D:1      | Reached XP level 1. HP: 19/19 MP: 0/0
    91 | D:1      | Reached XP level 2. HP: 18/27 MP: 1/1
   491 | D:1      | Reached ** piety under Trog
   849 | D:2      | Found a sparkling altar of Nemelex Xobeh.
   849 | D:2      | Found a blossoming altar of Fedhas.
   849 | D:2      | Found a bloodstained altar of Trog.
   849 | D:2      | Found a burning altar of Makhleb.
   853 | D:2      | Reached XP level 3. HP: 17/33 MP: 2/2
   863 | D:2      | Slain by a gnoll

Skill      XL: |  1 |
---------------+----+-----
Fighting       | 4 |  4.2
Axes           | 4 |  4.9
Armour         | |  2.6
Dodging        | |  2.6
Stealth        | |  0.5

Action                   || total
-------------------------++-------
Melee: Hand axe          ||    57
       Headbutt          ||     6
Armor: Ring mail         ||    33
Dodge: Dodged            ||    37
